[Event "fics rated crazyhouse match"]
[Site "fics, Oklahoma City, OK USA"]
[Date "2000.03.13"]
[White "venomous"]
[WhiteElo "2487"]
[Black "VanceIII"]
[BlackElo "2140"]
[TimeControl "120+0"]
[Result "1-0"]

1. e4 d5 2. exd5 e5 3. dxe6 Bxe6 4. Nf3 Nf6 5. d4 Bb4+ 6. Bd2 
Bxd2+ 7. Nbxd2 Qe7 8. P@e3 Nc6 9. Bb5 Bg4 10. Bxc6+ bxc6 11. N@e5 P@b7 
12. Nxg4 Nxg4 13. B@f5 B@d7 14. Bxd7+ Qxd7 15. B@h3 B@e6 16. O-O h5 17. Ne4 
B@f5 18. Nc5 Qe7 19. B@h4 f6 20. Nxe6 Bxe6 21. B@g6+ Kd8 22. P@f5 N@f8 
23. fxe6 Nxg6 24. d5 cxd5 25. Qxd5+ P@d6 26. Qxb7 Rc8 27. P@d7 N@b6 28. Bxg4 
B@d5 29. Qxd5 
{VanceIII resigns} 1-0

[Event "fics rated crazyhouse match"]
[Site "fics, Oklahoma City, OK USA"]
[Date "2000.03.13"]
[White "venomous"]
[WhiteElo "2489"]
[Black "spurs"]
[BlackElo "2286"]
[TimeControl "60+0"]
[Result "1-0"]

1. e4 e6 2. d4 d5 3. e5 Ne7 4. Nh3 Nf5 5. Be3 Bb4+ 6. c3 
Be7 7. Bd3 Nxe3 8. fxe3 Bg5 9. Qe2 B@e4 10. Bxe4 dxe4 11. Nxg5 Qxg5 
12. B@f4 Qe7 13. B@g5 f6 14. exf6 gxf6 15. Bxf6 Qxf6 16. Be5 P@f2+ 17. Kd2 
f1=Q 18. Rxf1 Qxf1 19. Qxf1 R@d3+ 20. Kc2 B@d1+ 21. Qxd1 Rxd1 22. N@g7+ Kd8 
23. B@f6+ B@e7 24. Bxe7+ Kxe7 25. Q@f6+ Kd7 26. Qxe6+ Kd8 27. B@f6+ B@e7 28. Qxe7# 
{spurs checkmated} 1-0

[Event "fics rated crazyhouse match"]
[Site "fics, Oklahoma City, OK USA"]
[Date "2000.03.13"]
[White "pminear"]
[WhiteElo "2447"]
[Black "TheRaven"]
[BlackElo "2138"]
[TimeControl "60+0"]
[Result "1-0"]

1. e4 Nf6 2. Nc3 d5 3. exd5 Nxd5 4. d4 e6 5. Bd3 Nc6 6. Nf3 
P@g6 7. O-O Bb4 8. Nxd5 Qxd5 9. c4 Qd8 10. Be4 N@f6 11. Bxc6+ bxc6 
12. Bg5 B@e7 13. Bxf6 Bxf6 14. P@e5 Bg5 15. Nxg5 Qxg5 16. N@h3 Qd8 17. B@g5 
B@e7 18. Bxe7 Bxe7 19. B@f3 N@h4 20. Bxc6+ Bd7 21. Bxd7+ Qxd7 22. P@g3 Nxg2 
23. Kxg2 B@b7+ 24. f3 P@g4 25. Ng1 gxf3+ 26. Nxf3 P@g4 27. P@e2 gxf3+ 28. exf3 
B@c6 29. P@e2 N@g5 30. B@f4 Nxf3 31. exf3 Bxf3+ 32. Rxf3 P@g4 33. B@e2 gxf3+ 
34. Bxf3 Bxf3+ 35. Qxf3 B@f5 36. Qxa8+ R@d8 37. B@c6 Rxa8 38. Bxd7+ Kxd7 39. P@c6+ 
Ke8 40. Q@d7+ Kf8 41. R@c8+ B@e8 42. Qxe8# 
{TheRaven checkmated} 1-0

[Event "fics rated crazyhouse match"]
[Site "fics, Oklahoma City, OK USA"]
[Date "2000.03.14"]
[White "Flesh"]
[WhiteElo "2290"]
[Black "spurs"]
[BlackElo "2282"]
[TimeControl "60+0"]
[Result "1-0"]

1. e4 e6 2. e5 d5 3. d4 Bb4+ 4. Nc3 Bxc3+ 5. bxc3 Ne7 6. Bg5 
Nbc6 7. Nf3 Bd7 8. B@h4 N@f5 9. Bb5 Nxh4 10. Bxh4 Qc8 11. Bxe7 Nxe7 
12. Bxd7+ Qxd7 13. N@h5 B@h6 14. N@f6+ gxf6 15. Nxf6+ Kd8 16. Nxd7 Kxd7 17. P@d6 
B@e3 18. fxe3 Bxe3 19. dxe7 P@f2+ 20. Kf1 B@a6+ 21. B@e2 Bxe2+ 22. Qxe2 B@d6 
23. N@f6+ Kc8 24. exd6 N@d2+ 25. Qxd2 cxd6 26. B@d8 N@c7 27. Q@d7+ Kb8 28. Qxc7# 
{spurs checkmated} 1-0

[Event "fics rated crazyhouse match"]
[Site "fics, Oklahoma City, OK USA"]
[Date "2000.03.14"]
[White "spurs"]
[WhiteElo "2274"]
[Black "Flesh"]
[BlackElo "2298"]
[TimeControl "60+0"]
[Result "1-0"]

1. d4 Nf6 2. Nf3 d5 3. Bg5 Bf5 4. Nc3 h6 5. e3 hxg5 6. Nxg5 
Ne4 7. Ncxe4 dxe4 8. Nxf7 Kxf7 9. N@e5+ Ke6 10. Bc4+ B@d5 11. Bxd5+ Kxd5 
12. c4+ Ke6 13. B@f7+ Kf6 14. P@g5+ Kxg5 15. h4+ Kh6 16. P@g5+ Kh7 17. g6+ 
Kh6 18. Ng4+ Bxg4 19. Qxg4 B@f6 20. B@g5+ Bxg5 21. Qxg5# 
{Flesh checkmated} 1-0

[Event "fics rated crazyhouse match"]
[Site "fics, Oklahoma City, OK USA"]
[Date "2000.03.14"]
[White "Flesh"]
[WhiteElo "2289"]
[Black "spurs"]
[BlackElo "2283"]
[TimeControl "60+0"]
[Result "1-0"]

1. e4 e6 2. d4 d5 3. e5 Ne7 4. Bg5 Bd7 5. Nf3 Nbc6 6. Nc3 
Qc8 7. Bxe7 Bxe7 8. Bb5 B@b4 9. Bxc6 Bxc6 10. N@h5 Rg8 11. Nxg7+ Rxg7 
12. P@f6 Rxg2 13. fxe7 Bxe7 14. B@f6 P@e4 15. Bxe7 exf3 16. Qxf3 B@e4 17. Nxe4 
dxe4 18. Bc5 P@d2+ 19. Kd1 N@d5 20. N@f6+ Nxf6 21. Qxf6 N@d5 22. N@h5 N@c3+ 
23. bxc3 Nxc3+ 24. Kxd2 N@f3+ 25. Kxc3 P@b4+ 26. Bxb4 Qd7 27. N@g7+ Rxg7 28. Nxg7# 
{spurs checkmated} 1-0

[Event "fics rated crazyhouse match"]
[Site "fics, Oklahoma City, OK USA"]
[Date "2000.03.14"]
[White "spurs"]
[WhiteElo "2275"]
[Black "Flesh"]
[BlackElo "2297"]
[TimeControl "60+0"]
[Result "1-0"]

1. d4 Nf6 2. Nf3 d5 3. Nc3 Bg4 4. Bg5 Bxf3 5. exf3 e6 6. Bb5+ 
Nbd7 7. Bxd7+ Qxd7 8. N@e5 Qd6 9. Nxf7 Kxf7 10. P@e5 Ke7 11. exd6+ cxd6 
12. Bxf6+ gxf6 13. N@f5+ exf5 14. Nxd5+ Kf7 15. P@e6+ Kxe6 16. Nc7+ Kd7 17. Nxa8 
B@a5+ 18. B@c3 Bxc3+ 19. bxc3 B@a5 20. B@e6+ Kxe6 21. d5+ Kf7 22. Q@e6+ Kg6 
23. O-O B@e5 24. Qd3 N@h4 25. R@g4+ Kh5 26. Qexf5+ Nxf5 27. Qxf5+ B@g5 28. Rxg5+ 
fxg5 29. B@g4+ Kh6 30. N@f7+ Kg7 31. P@h6+ Kg8 32. Nxh8 N@e2+ 33. Kh1 Kxh8 
34. Qxf8+ R@g8 35. B@g7+ Bxg7 36. hxg7# 
{Flesh checkmated} 1-0

[Event "fics rated crazyhouse match"]
[Site "fics, Oklahoma City, OK USA"]
[Date "2000.03.14"]
[White "Flesh"]
[WhiteElo "2288"]
[Black "spurs"]
[BlackElo "2284"]
[TimeControl "60+0"]
[Result "1-0"]

1. e4 d5 2. exd5 Qxd5 3. d4 Qd8 4. Nc3 Nf6 5. Nf3 Bg4 6. Bg5 
e6 7. P@e5 Be7 8. exf6 Bxf6 9. Bxf6 Qxf6 10. B@e5 Qe7 11. Bxg7 Bxf3 
12. Qxf3 B@c6 13. P@e4 N@g5 14. Qf4 Bxe4 15. Nxe4 Nxe4 16. Qxe4 P@d5 17. Qf4 
P@g5 18. N@f6+ Kd8 19. Qd2 N@e4 20. Nxe4 dxe4 21. B@f6 Qxf6 22. Bxf6+ Kc8 
23. Bxh8 B@f4 24. Q@e8+ N@d8 25. N@e7# 
{spurs checkmated} 1-0

[Event "fics rated crazyhouse match"]
[Site "fics, Oklahoma City, OK USA"]
[Date "2000.03.14"]
[White "spurs"]
[WhiteElo "2276"]
[Black "Flesh"]
[BlackElo "2296"]
[TimeControl "60+0"]
[Result "1-0"]

1. d4 d5 2. Nf3 Bg4 3. Nc3 Bxf3 4. exf3 Nf6 5. Bb5+ Nbd7 6. Bg5 
e6 7. Bxf6 gxf6 8. Bxd7+ Qxd7 9. B@e5 B@b4 10. Bxf6 Bxc3+ 11. bxc3 B@b2 
12. N@e5 Bxc3+ 13. Kf1 Qb5+ 14. B@e2 Rd8 15. Bxb5+ P@c6 16. Bxd8 N@b6 17. Nxc6 
bxc6 18. Bxc6+ N@d7 19. Bxd7+ Nxd7 20. Bxc7 N@c6 21. P@b5 B@c4+ 22. P@d3 Bxb5 
23. N@d6+ Bxd6 24. Bxd6 Bxd4 25. N@c7+ Kd8 26. P@e7+ Nxe7 27. Bxe7+ Kxe7 28. P@d6+ 
Kxd6 29. Nxb5+ Ke7 30. B@d6+ Kf6 31. B@e7+ Kg6 32. N@h4+ Kg7 33. R@g4+ P@g6 
34. Nxd4 P@e2+ 35. Qxe2 N@g3+ 36. hxg3 B@f5 37. P@h6+ Kxh6 38. B@g5+ Kg7 39. Q@h6+ 
Kg8 40. N@f6+ Nxf6 41. Bexf6 
{Flesh forfeits on time} 1-0

[Event "fics rated crazyhouse match"]
[Site "fics, Oklahoma City, OK USA"]
[Date "2000.03.14"]
[White "Flesh"]
[WhiteElo "2288"]
[Black "spurs"]
[BlackElo "2284"]
[TimeControl "60+0"]
[Result "1-0"]

1. e4 e6 2. d4 d6 3. e5 Be7 4. exd6 cxd6 5. Nf3 Nf6 6. Nc3 
O-O 7. Bg5 Nc6 8. P@h6 Ng4 9. hxg7 Qd7 10. Bxe7 Qxe7 11. gxf8=Q+ Qxf8 
12. h3 Nf6 13. P@g5 Nd7 14. Bb5 P@g7 15. Bxc6 bxc6 16. B@h6 B@h8 17. R@c7 
B@a5 18. Rxd7 Bxd7 19. N@h5 Bxc3+ 20. bxc3 P@e7 21. Bxg7 Bxg7 22. Nxg7 Qxg7 
23. B@h6 Qg6 24. N@f4 B@f8 25. Nxg6 fxg6 26. Bxf8 Rxf8 27. P@f6 exf6 28. gxf6 
Rxf6 29. B@g5 R@e4+ 30. P@e3 B@g7 31. B@h6 Bxh6 32. Bxf6 P@g7 33. R@e7 B@f8 
34. Q@f7+ Kh8 35. Qxf8+ N@g8 36. Bxg7+ Bxg7 37. Qxg7# 
{spurs checkmated} 1-0

[Event "fics rated crazyhouse match"]
[Site "fics, Oklahoma City, OK USA"]
[Date "2000.03.14"]
[White "spurs"]
[WhiteElo "2276"]
[Black "Flesh"]
[BlackElo "2296"]
[TimeControl "60+0"]
[Result "1-0"]

1. d4 d5 2. Nf3 Bf5 3. Nc3 Nf6 4. Bf4 e6 5. e3 Bb4 6. Bb5+ 
Nc6 7. Bxc6+ bxc6 8. N@e5 Bxc3+ 9. bxc3 O-O 10. Nxc6 Qe8 11. Nfe5 B@b5 
12. P@e7 Ne4 13. exf8=Q+ Qxf8 14. B@e7 Nxc3 15. Bxf8 Nxd1 16. Ne7+ Kxf8 17. Q@g8+ 
Kxe7 18. Qxf7+ Kd6 19. P@c5# 
{Flesh checkmated} 1-0

[Event "fics rated crazyhouse match"]
[Site "fics, Oklahoma City, OK USA"]
[Date "2000.03.14"]
[White "Flesh"]
[WhiteElo "2288"]
[Black "spurs"]
[BlackElo "2284"]
[TimeControl "60+0"]
[Result "1-0"]

1. e4 e6 2. d4 d5 3. e5 Be7 4. Nf3 Bd7 5. Nc3 Nc6 6. Bb5 
a6 7. Bxc6 Bxc6 8. N@h5 B@f8 9. Nxg7+ Bxg7 10. P@f6 Bexf6 11. exf6 Bxf6 
12. B@e5 Bxe5 13. dxe5 P@f6 14. exf6 Nxf6 15. Bg5 P@g7 16. P@e5 P@e7 17. exf6 
exf6 18. Bxf6 Qxf6 19. B@e5 Qg6 20. Bxc7 Qxg2 21. N@d6+ Kf8 22. Rg1 N@f4 
23. Rxg2 Nxg2+ 24. Kf1 Nf4 25. P@e7+ Kxe7 26. Nf5+ exf5 27. Bxf4 P@g2+ 28. Kxg2 
P@h3+ 29. Kf1 P@g2+ 30. Ke2 B@f1+ 31. Kd2 N@c4+ 32. Kc1 B@e2 33. P@d6+ Nxd6 
34. Bxd6+ Kxd6 35. P@e5+ Kd7 36. Q@d6+ Ke8 37. N@c7# 
{spurs checkmated} 1-0

[Event "fics rated crazyhouse match"]
[Site "fics, Oklahoma City, OK USA"]
[Date "2000.03.14"]
[White "TheRaven"]
[WhiteElo "2139"]
[Black "spurs"]
[BlackElo "2276"]
[TimeControl "60+0"]
[Result "1-0"]

1. d4 e6 2. Nc3 d5 3. Nf3 Bb4 4. Ne5 Nf6 5. e3 Ne4 6. Bd2 
Bxc3 7. bxc3 Qf6 8. B@f3 Nxd2 9. Qxd2 Nd7 10. N@g4 Qe7 11. Nxd7 Bxd7 
12. N@e5 B@f6 13. Nxd7 Qxd7 14. Nxf6+ gxf6 15. B@g7 Rg8 16. Bxf6 N@e4 17. Bxe4 
dxe4 18. N@g7+ Rxg7 19. Bxg7 O-O-O 20. B@f6 B@e7 21. Bxe7 Qxe7 22. B@f6 N@g5 
23. Bxe7 N@f3+ 24. gxf3 Nxf3+ 25. Kd1 N@b2+ 26. Kc1 Nxd2 27. R@a8+ B@b8 28. Rxb8+ 
Kxb8 29. Be2 Nd3+ 30. Bxd3 exd3 31. N@a6+ bxa6 32. N@c6+ Kc8 33. Q@b8+ Kd7 
34. Qxd8+ Kxc6 35. R@c5+ Kb6 36. Qxc7# 
{spurs checkmated} 1-0

[Event "fics rated crazyhouse match"]
[Site "fics, Oklahoma City, OK USA"]
[Date "2000.03.14"]
[White "spurs"]
[WhiteElo "2265"]
[Black "Eyefor"]
[BlackElo "2326"]
[TimeControl "60+0"]
[Result "0-1"]

1. d4 e6 2. Nf3 Bb4+ 3. Bd2 Nc6 4. e3 Nf6 5. Bb5 Bxd2+ 6. Nbxd2 
B@b4 7. Bxc6 dxc6 8. B@c3 Bxc3 9. bxc3 B@a5 10. B@b4 Bxb4 11. cxb4 B@c3 
12. Rb1 Bxd2+ 13. Qxd2 Ne4 14. Qe2 N@c3 15. Qd3 Nxb1 16. Qxe4 R@c1+ 17. B@d1 
Rxd1+ 18. Kxd1 Nc3+ 19. Ke1 Nxe4 20. N@h5 Q@b1+ 21. B@d1 Qxb4+ 22. N@d2 B@h6 
23. R@b3 Qa5 24. Ke2 Nxd2 25. Nxd2 Qxh5+ 26. f3 N@c1+ 27. Kf2 P@g3+ 28. hxg3 
Qxh1 29. Nf1 N@h3+ 30. Ke1 Qxf1+ 31. Kxf1 R@g1# 
{spurs checkmated} 0-1

[Event "fics rated crazyhouse match"]
[Site "fics, Oklahoma City, OK USA"]
[Date "2000.03.14"]
[White "Eyefor"]
[WhiteElo "2333"]
[Black "spurs"]
[BlackElo "2258"]
[TimeControl "60+0"]
[Result "1-0"]

1. e4 e6 2. d4 d5 3. exd5 exd5 4. Bb5+ Qd7 5. Bxd7+ Bxd7 6. Q@e5+ 
P@e6 7. Qxc7 B@d6 8. Qxb7 Bc6 9. Qc8+ Ke7 10. P@b7 Bxb7 11. Qxb7+ Kf6 
12. P@g5+ Kg6 13. B@h5+ Kf5 14. Qg4# 
{spurs checkmated} 1-0

[Event "fics rated crazyhouse match"]
[Site "fics, Oklahoma City, OK USA"]
[Date "2000.03.14"]
[White "Tecumseh"]
[WhiteElo "2333"]
[Black "Eyefor"]
[BlackElo "2339"]
[TimeControl "180+3"]
[Result "1-0"]

1. e4 e6 2. d4 Nf6 3. e5 Nd5 4. Nf3 Nc6 5. Bd3 Bb4+ 6. c3 
Be7 7. O-O d6 8. exd6 Bxd6 9. P@e5 Be7 10. Nbd2 P@a3 11. Nc4 axb2 
12. Bxb2 P@a3 13. Nxa3 Bxa3 14. Bxa3 Nxc3 15. Qc2 Nxd4 16. Nxd4 Qxd4 17. N@f3 
Qxd3 18. Qxd3 
{Eyefor resigns} 1-0

[Event "fics rated crazyhouse match"]
[Site "fics, Oklahoma City, OK USA"]
[Date "2000.03.14"]
[White "Dopey"]
[WhiteElo "2212"]
[Black "Eyefor"]
[BlackElo "2331"]
[TimeControl "60+0"]
[Result "0-1"]

1. e4 e6 2. d4 Nf6 3. e5 Nd5 4. Nf3 Nc6 5. Be2 d6 6. exd6 
Bxd6 7. O-O Nf4 8. c3 P@e4 9. Ne1 Nxe2+ 10. Qxe2 Bxh2+ 11. Kxh2 Qh4+ 
12. P@h3 B@a6 13. N@b5 Bxb5 14. Qxb5 N@g4+ 15. Kh1 Nxf2+ 16. Rxf2 Qxf2 17. B@g1 
Qxe1 18. B@h4 Qxh4 19. N@f1 B@d3 20. Qg5 Qxg5 21. Bxg5 P@f6 22. Bxf6 Bxf1 
23. Q@f2 gxf6 24. P@g7 Rg8 25. Nd2 P@e3 26. Qxe3 Bxg2+ 27. Kxg2 Rxg7+ 28. P@g4 
P@f3+ 29. Nxf3 exf3+ 30. Kxf3 N@d5 31. Qh6 Q@g5 32. Qxg5 P@e4+ 33. Kxe4 fxg5 
34. Kd3 R@g3+ 35. P@f3 N@f4+ 36. Kc2 Q@d3+ 37. Kb3 B@c2+ 38. Ka3 N@c4# 
{Dopey checkmated} 0-1

[Event "fics rated crazyhouse match"]
[Site "fics, Oklahoma City, OK USA"]
[Date "2000.03.14"]
[White "Eyefor"]
[WhiteElo "2342"]
[Black "Tecumseh"]
[BlackElo "2341"]
[TimeControl "60+1"]
[Result "1-0"]

1. e4 e6 2. d4 Nf6 3. e5 Ne4 4. Nh3 d5 5. Be2 Be7 6. O-O 
Nc6 7. Nf4 Bd7 8. f3 Ng5 9. h4 h6 10. Nh5 Rh7 11. hxg5 hxg5 
12. f4 Rxh5 13. Bxh5 N@g3 14. R@h8+ Bf8 15. N@h7 Qe7 16. Nxf8 Qxf8 17. Rxf8+ 
Kxf8 18. Q@a3+ P@e7 19. Qxg3 R@h8 20. N@c5 Rxh5 21. Qxh5 B@g6 22. Qh8+ N@g8 
23. Nxd7+ Ke8 24. Qxg8+ Kxd7 25. N@c5# 
{Tecumseh checkmated} 1-0

[Event "fics rated crazyhouse match"]
[Site "fics, Oklahoma City, OK USA"]
[Date "2000.03.14"]
[White "Tecumseh"]
[WhiteElo "2333"]
[Black "Eyefor"]
[BlackElo "2350"]
[TimeControl "60+1"]
[Result "0-1"]

1. e4 Nf6 2. e5 Nd5 3. Nc3 e6 4. Nf3 d6 5. d4 Nxc3 6. bxc3 
N@e4 7. Bd3 Nxc3 8. Qd2 P@b4 9. O-O dxe5 10. dxe5 P@e4 11. Bxe4 Qxd2 
12. Bxd2 Nxe4 13. Q@a4+ B@c6 14. P@b5 Nxd2 15. bxc6 Nxf3+ 16. gxf3 N@h3+ 17. Kh1 
Nxc6 18. N@e3 P@e2 19. P@g2 Q@g1# 
{Tecumseh resigns} 0-1

[Event "fics rated crazyhouse match"]
[Site "fics, Oklahoma City, OK USA"]
[Date "2000.03.14"]
[White "Eyefor"]
[WhiteElo "2358"]
[Black "Tecumseh"]
[BlackElo "2325"]
[TimeControl "60+1"]
[Result "0-1"]

1. e4 Nc6 2. d4 Nf6 3. Nc3 d5 4. exd5 Nxd5 5. P@b5 Nxc3 6. bxc3 
e5 7. bxc6 bxc6 8. dxe5 Qxd1+ 9. Kxd1 Bg4+ 10. P@f3 Rd8+ 11. N@d3 P@a3 
12. fxg4 N@b2+ 13. Bxb2 axb2 14. Rb1 Q@a1 15. Rxa1 bxa1=Q+ 16. N@c1 P@b2 17. N@d4 
bxc1=Q+ 18. Nxc1 Qxc3 19. P@d7+ Rxd7 20. Q@c8+ R@d8 21. Qxd7+ Rxd7 22. R@b8+ B@d8 
23. Rxd8+ Rxd8 24. B@d7+ Rxd7 25. Q@c8+ R@d8 26. Qxd7+ Rxd7 27. R@b8+ B@d8 28. Rxd8+ 
Rxd8 29. B@d7+ Rxd7 30. Nf3 Rxd4+ 31. Bd3 N@b2+ 32. Ke2 N@f4+ 33. Kf1 Q@d1+ 
34. B@e1 Qdxe1+ 35. Nxe1 Qxe1+ 36. Kxe1 Q@d1# 
{Eyefor checkmated} 0-1

[Event "fics rated crazyhouse match"]
[Site "fics, Oklahoma City, OK USA"]
[Date "2000.03.14"]
[White "Tecumseh"]
[WhiteElo "2334"]
[Black "Eyefor"]
[BlackElo "2349"]
[TimeControl "60+1"]
[Result "0-1"]

1. e4 Nf6 2. e5 Nd5 3. d4 Nc6 4. Nf3 e6 5. Be2 Bb4+ 6. c3 
Be7 7. O-O d6 8. Bf4 Nxf4 9. Nbd2 Nxe2+ 10. Qxe2 dxe5 11. dxe5 B@d3 
12. Qe3 Bxf1 13. Rxf1 R@d3 14. Qe2 P@g4 15. N@h5 Rg8 16. Qe4 gxf3 17. Qxh7 
N@e2# 
{Tecumseh resigns} 0-1

[Event "fics rated crazyhouse match"]
[Site "fics, Oklahoma City, OK USA"]
[Date "2000.03.14"]
[White "Eyefor"]
[WhiteElo "2357"]
[Black "Tecumseh"]
[BlackElo "2326"]
[TimeControl "60+1"]
[Result "1-0"]

1. e4 Nc6 2. d4 Nf6 3. Nc3 e6 4. e5 Nd5 5. Nxd5 exd5 6. Nf3 
d6 7. exd6 cxd6 8. P@b5 Nb4 9. a3 Nxc2+ 10. Qxc2 P@c7 11. N@f4 P@e6 
12. Bd3 Be7 13. Bxh7 N@g5 14. Nxg5 Bxg5 15. N@h5 Bf6 16. P@g6 N@h6 17. Nxf6+ 
Qxf6 18. Qxc7 Qxd4 19. B@c6+ bxc6 20. Qxc6+ B@d7 21. N@c7+ Ke7 22. Qxd7+ Bxd7 
23. B@h4+ P@f6 24. Bxf6+ gxf6 25. O-O N@h4 26. P@b7 B@f3 27. bxa8=Q Rxa8 28. Nxa8 
Bxg2 29. Nxg2 P@e2 30. B@f8+ Kxf8 31. Bxh6+ B@g7 32. R@b8+ Ke7 33. N@g8# 
{Tecumseh checkmated} 1-0

[Event "fics rated crazyhouse match"]
[Site "fics, Oklahoma City, OK USA"]
[Date "2000.03.14"]
[White "Tecumseh"]
[WhiteElo "2319"]
[Black "Eyefor"]
[BlackElo "2364"]
[TimeControl "60+1"]
[Result "0-1"]

1. e4 e6 2. d3 Nc6 3. Be2 Nf6 4. Nf3 Bb4+ 5. c3 Be7 6. O-O 
e5 7. Be3 Ng4 8. Nbd2 d5 9. exd5 Qxd5 10. Ne4 Nxe3 11. fxe3 P@f5 
12. Ng3 Bc5 13. P@f2 Qd8 14. Nh5 B@h6 15. d4 exd4 16. exd4 Bd6 17. P@e5 
Be7 18. Re1 P@e4 19. Bc4 exf3 20. N@f6+ gxf6 21. exf6 fxg2 22. fxe7 N@h3+ 
23. Kxg2 N@f4+ 24. Nxf4 Nxf4+ 25. Kf3 P@g4+ 26. Kg3 N@h5+ 27. Kh4 Nxe7 28. B@a4+ 
Kf8 
{Tecumseh forfeits on time} 0-1

[Event "fics rated crazyhouse match"]
[Site "fics, Oklahoma City, OK USA"]
[Date "2000.03.14"]
[White "Eyefor"]
[WhiteElo "2371"]
[Black "Tecumseh"]
[BlackElo "2312"]
[TimeControl "60+1"]
[Result "1-0"]

1. e4 e6 2. d4 Nf6 3. e5 Ne4 4. Nh3 d5 5. Be2 a6 6. f3 
Nc6 7. fxe4 dxe4 8. Be3 Be7 9. N@g5 Bxg5 10. Nxg5 f6 11. exf6 gxf6 
12. P@g7 Rg8 13. B@f7+ Ke7 14. Bxg8 Qxg8 15. R@f7+ Ke8 16. Rf8+ Qxf8 17. gxf8=Q+ 
Kxf8 18. Q@f7# 
{Tecumseh checkmated} 1-0

[Event "fics rated crazyhouse match"]
[Site "fics, Oklahoma City, OK USA"]
[Date "2000.03.14"]
[White "Eyefor"]
[WhiteElo "2378"]
[Black "spurs"]
[BlackElo "2246"]
[TimeControl "60+0"]
[Result "0-1"]

1. e4 e6 2. d4 d5 3. exd5 exd5 4. Bb5+ Bd7 5. Qe2+ Qe7 6. Bxd7+ 
Nxd7 7. Bf4 Qxe2+ 8. Nxe2 Bb4+ 9. Nbc3 Bxc3+ 10. Nxc3 Ngf6 11. Bxc7 P@d2+ 
12. Kxd2 N@e4+ 13. Kc1 B@d2+ 14. Kb1 Bxc3 15. bxc3 Nxc3+ 16. Kc1 P@d2+ 17. Kxd2 
Nfe4+ 18. Ke3 Q@d2+ 19. Kf3 Qxf2+ 20. Kg4 h5+ 21. Kh3 P@g4# 
{Eyefor checkmated} 0-1

[Event "fics rated crazyhouse match"]
[Site "fics, Oklahoma City, OK USA"]
[Date "2000.03.14"]
[White "Tecumseh"]
[WhiteElo "2305"]
[Black "Eyefor"]
[BlackElo "2367"]
[TimeControl "60+1"]
[Result "1-0"]

1. e3 e5 2. d3 Bb4+ 3. Nc3 Nf6 4. Bd2 Nc6 5. Be2 d5 6. Nf3 
Ng4 7. O-O Bxc3 8. Bxc3 N@a4 9. B@b5 Nxc3 10. bxc3 B@b2 11. N@h5 Rg8 
12. Bxc6+ bxc6 13. h3 Nxe3 14. fxe3 Bxc3 15. d4 e4 16. Ne5 P@h2+ 17. Kxh2 
B@d6 18. P@g3 P@b2 19. Nxf7 bxa1=Q 20. Nxd8 Qxd1 21. P@f7+ Kxd8 22. fxg8=Q+ R@e8 
23. Qxe8+ Kxe8 24. Q@f7+ Kd8 25. R@e8# 
{Eyefor checkmated} 1-0

[Event "fics rated crazyhouse match"]
[Site "fics, Oklahoma City, OK USA"]
[Date "2000.03.14"]
[White "Eyefor"]
[WhiteElo "2358"]
[Black "Tecumseh"]
[BlackElo "2314"]
[TimeControl "60+1"]
[Result "0-1"]

1. e4 Nc6 2. d4 Nf6 3. Nc3 d5 4. exd5 Nxd5 5. P@b5 e6 6. bxc6 
bxc6 7. Nxd5 Qxd5 8. N@c3 Bb4 9. N@g5 P@f6 10. Nxf7 Kxf7 11. Bf4 Qe4+ 
12. P@e3 N@d5 13. Bxc7 Nxc7 14. P@f3 Qd5 15. a3 Bxc3+ 16. bxc3 B@b2 17. Ne2 
N@a4 18. e4 Qd8 19. c4 Nc3 20. Nxc3 Bxc3+ 21. B@d2 Bxd4 22. N@b4 P@c3 
23. Bf4 P@d2+ 24. Bxd2 cxd2+ 25. Qxd2 B@c3 26. P@g6+ hxg6 27. Rd1 Bxd2+ 28. Rxd2 
Bc3 29. B@c1 Q@b1 30. Ke2 Qxc1 31. Rd7+ Qxd7 32. P@d5 cxd5 
{Eyefor resigns} 0-1

[Event "fics rated crazyhouse match"]
[Site "fics, Oklahoma City, OK USA"]
[Date "2000.03.14"]
[White "spurs"]
[WhiteElo "2257"]
[Black "Eyefor"]
[BlackElo "2349"]
[TimeControl "0+1"]
[Result "0-1"]

1. d4 e6 2. Nf3 Bb4+ 3. Nc3 Bxc3+ 4. bxc3 Nf6 5. Bd2 N@b2 6. B@g5 
Nxd1 7. Rxd1 Nc6 8. e4 d6 9. e5 Q@e4+ 10. N@e2 dxe5 11. dxe5 Nxe5 
12. Nxe5 Qxe5 13. Bxf6 Qexf6 14. N@e4 Qfe7 15. P@f6 gxf6 16. N@g7+ Kf8 17. Bh6 
Qxd1+ 18. Kxd1 R@b1+ 19. Nc1 Qd7+ 20. Bd3 N@b2+ 21. Ke2 B@g4+ 22. f3 Rxc1 
23. Nxe6+ Ke7 24. Rxc1 Nxd3 25. cxd3 Qxe6 26. P@g7 Qxa2+ 27. R@d2 P@b2 28. Rcd1 
P@c2 29. Q@f8+ Rxf8 30. gxf8=Q+ Kd7 31. N@c5+ Kc6 32. Qe8+ Bgd7 33. Nxd7 cxd1=Q+ 
34. Rxd1 N@c1+ 35. Ke3 Q@e2+ 36. Kf4 N@h5+ 37. Kg4 Qxg2+ 38. P@g3 Bxd7+ 39. Qxd7+ 
Kxd7 40. Nc5+ Ke7 41. R@d7+ Ke8 42. Re7+ Kxe7 43. Re1+ R@e2 44. Rxe2+ Nxe2 
45. R@e4+ R@e5 46. Rxe5+ fxe5 47. B@f6+ Nxf6+ 48. Kf5 N@d6+ 49. Kxe5 Qd5# 
{spurs checkmated} 0-1

[Event "fics rated crazyhouse match"]
[Site "fics, Oklahoma City, OK USA"]
[Date "2000.03.14"]
[White "Tecumseh"]
[WhiteElo "2323"]
[Black "Eyefor"]
[BlackElo "2355"]
[TimeControl "60+1"]
[Result "0-1"]

1. e4 Nf6 2. d3 e5 3. Nf3 Nc6 4. Be2 Bb4+ 5. c3 Bc5 6. O-O 
d5 7. exd5 Nxd5 8. Bg5 P@f6 9. Bh4 Nf4 10. P@e3 Nxg2 11. Kxg2 P@g5 
12. Bg3 g4 13. Ng1 Bxe3 14. fxe3 P@f3+ 15. Nxf3 gxf3+ 16. Bxf3 N@f5 17. B@g4 
Nxe3+ 18. Kh1 Bxg4 19. Bxg4 P@g2+ 20. Kg1 gxf1=Q+ 21. Qxf1 Nxg4 22. B@f5 B@e3+ 
23. P@f2 Nxf2 24. P@d7+ Kf8 25. Bxf2 R@f3 26. P@h6 g6 27. Bxg6 Bxf2+ 28. Qxf2 
Rxf2 29. P@g7+ Ke7 30. N@d5+ Kxd7 31. B@h3+ B@e6 32. N@c5+ Kc8 33. gxh8=Q Q@e1+ 
34. R@f1 Rxf1+ 35. Bxf1 P@f2+ 36. Kg2 R@g1+ 37. Kf3 P@g4# 
{Tecumseh checkmated} 0-1

[Event "fics rated crazyhouse match"]
[Site "fics, Oklahoma City, OK USA"]
[Date "2000.03.14"]
[White "Eyefor"]
[WhiteElo "2362"]
[Black "Tecumseh"]
[BlackElo "2316"]
[TimeControl "60+1"]
[Result "1-0"]

1. e4 Nc6 2. d4 Nf6 3. Nc3 d5 4. exd5 Nxd5 5. P@b5 Ncb4 6. Nxd5 
Nxd5 7. Nf3 e6 8. a3 N@f4 9. Bxf4 Nxf4 10. Qd2 Nd5 11. N@c4 B@f6 
12. N@e4 B8e7 13. Bd3 Nb6 14. Nxb6 axb6 15. Nxf6+ Bxf6 16. N@e5 P@d5 17. Nxf7 
Kxf7 18. P@e5 Be7 19. Qf4+ N@f6 20. exf6 gxf6 21. Ng5+ Ke8 22. Nxe6 Bxe6 
23. N@g7+ Kd7 24. P@c6+ bxc6 25. bxc6+ Kxc6 26. Nxe6 Qd7 27. B@b5+ Kb7 28. Bxd7 
N@a5 29. Qxc7# 
{Tecumseh checkmated} 1-0

[Event "fics rated crazyhouse match"]
[Site "fics, Oklahoma City, OK USA"]
[Date "2000.03.14"]
[White "Tecumseh"]
[WhiteElo "2309"]
[Black "Eyefor"]
[BlackElo "2369"]
[TimeControl "60+1"]
[Result "0-1"]

1. e4 Nf6 2. e5 Nd5 3. c4 Nb4 4. a3 N4c6 5. d4 d6 6. exd6 
exd6 7. Nf3 P@g4 8. Ng5 Qe7+ 9. Be2 f6 10. P@f7+ Kd8 11. d5 fxg5 
12. dxc6 Nxc6 13. N@d5 Qxf7 14. Bxg5+ P@f6 15. Bxg4 Bxg4 16. Qxg4 N@d3+ 17. Kf1 
fxg5 18. B@f5 Qxf5 19. Qxf5 P@e2+ 20. Kxe2 Nd4+ 21. Kxd3 Nxf5 22. N@e6+ Kd7 
23. Nxf8+ Raxf8 24. P@e6+ Kxe6 25. Nxc7+ Kd7 26. B@e6+ Kxc7 27. Q@d7+ Kb8 28. P@c7+ 
Ka8 29. P@d4 N@f4+ 30. Kc3 Q@d3+ 31. Kb4 N@c2# 
{Tecumseh resigns} 0-1

[Event "fics rated crazyhouse match"]
[Site "fics, Oklahoma City, OK USA"]
[Date "2000.03.14"]
[White "Eyefor"]
[WhiteElo "2376"]
[Black "Tecumseh"]
[BlackElo "2302"]
[TimeControl "60+1"]
[Result "0-1"]

1. e4 Nc6 2. d4 Nf6 3. Nc3 d5 4. exd5 Nxd5 5. P@b5 Ncb4 6. Nxd5 
Nxd5 7. Nf3 Bg4 8. N@e5 Bh5 9. Bd3 P@f6 10. Nc4 N@f4 11. Bf1 e6 
12. Bxf4 Nxf4 13. N@c3 Bb4 14. Qd2 Nd5 15. Be2 B@f4 16. Qd3 Bxc3+ 17. bxc3 
Bg6 18. B@e4 Bxe4 19. Qxe4 B@f5 20. Qxd5 exd5 21. N@c5 dxc4 22. Nxb7 Qe7 
23. B@c6+ N@d7 24. Bxd7+ Bxd7 25. P@c6 Qxe2+ 26. Kxe2 B@d3+ 27. cxd3 cxd3+ 28. Kf1 
P@e2+ 29. Kg1 Q@f1+ 30. Rxf1 exf1=Q+ 31. Kxf1 B@e2+ 32. Kg1 R@f1# 
{Eyefor checkmated} 0-1